General information
- name: BNet
- type: Ladder team game (AT/RT)
- host: Battle.net
- saver: YourLiege
map: Deadlock
- players: 8
- length: 28:53
- speed: Fast
- version: 1.27 W3XP
- replay type: Public
» download(229 KB)
Players
team 1 (winner)
MadYak (
pink | 40 APM | 819 actions | 20:33)
4 Death Knight
2 Death Coil
2 Unholy Aura
2 Crypt Lord
1 Impale
1 Spiked Carapace
» actions
| Assign group hotkey | 23 | |
| Basic commands | 71 | |
| Build / train | 58 | |
| Enter build submenu | 26 | |
| Enter hero's abilities submenu | 6 | |
| Right click | 252 | |
| Select / deselect | 228 | |
| Select group hotkey | 123 | |
| Use ability | 32 | |
819 total
» units
| Acolyte | 11 | |
| Ghoul | 4 | |
| Crypt Fiend | 9 | |
| Meatwagon | 2 | |
| Obsidian Statue | 2 | |
| Abomination | 4 | |
32 total
» upgrades
| Creature Attack | 1 | |
| Unholy Strength | 3 | |
| Unholy Armor | 3 | |
| Web | 1 | |
| Disease Cloud | 1 | |
9 total
» buildings
| Ziggurat | 11 | |
| Crypt | 1 | |
| Altar of Darkness | 2 | |
| Graveyard | 1 | |
| Nerubian Tower | 1 | |
| Halls of the Dead | 1 | |
| Spirit Tower | 3 | |
| Slaughterhouse | 3 | |
| Black Citadel | 1 | |
| Tomb of Relics | 1 | |
| Sacrificial Pit | 1 | |
| Necropolis | 1 | |
27 total
» build order
00:08 Ziggurat
00:12 Crypt
00:37 Altar of Darkness
01:01 Graveyard
01:31 Ziggurat
01:51 Nerubian Tower
03:14 Ziggurat
04:23 Halls of the Dead
05:41 Spirit Tower
06:16 Ziggurat
08:10 Slaughterhouse
08:33 Black Citadel
09:12 Ziggurat
09:17 Tomb of Relics
09:51 Slaughterhouse
09:57 Ziggurat
09:58 Ziggurat
10:23 Spirit Tower
13:00 Sacrificial Pit
15:03 Necropolis
16:46 Ziggurat
16:47 Ziggurat
16:52 Ziggurat
16:56 Ziggurat
18:30 Spirit Tower
18:38 Altar of Darkness
18:53 Slaughterhouse
» items
| Scroll of Town Portal | 1 | |
| Orb of Corruption | 1 | |
| Scroll of Healing | 1 | |
3 total
ECUPIRATE (
red | 29 APM | 731 actions | 25:23)
5 Blademaster
2 Wind Walk
3 Critical Strike
» actions
| Basic commands | 3 | |
| Build / train | 69 | |
| Enter build submenu | 24 | |
| Enter hero's abilities submenu | 5 | |
| Give item / drop item | 6 | |
| Right click | 380 | |
| Select / deselect | 203 | |
| Use ability | 41 | |
731 total
» units
| Peon | 13 | |
| Troll Headhunter/Berserker | 10 | |
| Demolisher | 7 | |
| Wind Rider | 3 | |
| Shaman | 4 | |
37 total
» upgrades
| Troll Regeneration | 1 | |
| Ranged Weapons | 2 | |
| Shaman Training | 2 | |
| Melee Weapons | 3 | |
| Reinforced Defenses | 1 | |
| Berserker Upgrade | 1 | |
| Armor | 1 | |
| Burning Oil | 1 | |
12 total
» buildings
| Orc Burrow | 8 | |
| Altar of Storms | 1 | |
| Voodoo Lounge | 1 | |
| War Mill | 1 | |
| Barracks | 1 | |
| Watch Tower | 3 | |
| Stronghold | 1 | |
| Beastiary | 1 | |
| Spirit Lodge | 2 | |
| Fortress | 1 | |
| Great Hall | 2 | |
22 total
» build order
00:08 Orc Burrow
00:12 Altar of Storms
01:01 Voodoo Lounge
01:09 War Mill
01:39 Orc Burrow
02:06 Barracks
02:51 Watch Tower
03:20 Stronghold
05:02 Watch Tower
06:13 Beastiary
06:23 Orc Burrow
06:36 Spirit Lodge
07:01 Spirit Lodge
07:42 Orc Burrow
08:45 Orc Burrow
09:02 Fortress
10:31 Orc Burrow
12:27 Great Hall
14:19 Orc Burrow
16:27 Orc Burrow
18:40 Watch Tower
21:10 Great Hall
» items
| Healing Salve | 2 | |
| Circlet of Nobility | 2 | |
| Boots of Speed | 1 | |
| Orb of Lightning | 1 | |
| Scroll of Town Portal | 4 | |
10 total
YourLiege (
blue | 78 APM | 2263 actions | 28:53)
1 Mountain King
1 Bash
6 Archmage
2 Summon Water Elemental
3 Brilliance Aura
1 Blizzard
» actions
| Assign group hotkey | 94 | |
| Basic commands | 155 | |
| Build / train | 133 | |
| ESC pressed | 11 | |
| Enter build submenu | 44 | |
| Enter hero's abilities submenu | 6 | |
| Give item / drop item | 6 | |
| Right click | 718 | |
| Select / deselect | 225 | |
| Select group hotkey | 727 | |
| Use ability | 144 | |
2263 total
» units
| Peasant | 15 | |
| Footman | 7 | |
| Gryphon Rider | 5 | |
| Dragonhawk Rider | 5 | |
32 total
» upgrades
| Swords | 3 | |
| Masonry | 3 | |
| Armor | 3 | |
| Animal War Training | 1 | |
| Lumber Harvesting | 1 | |
| Cloud | 1 | |
12 total
» buildings
| Farm | 14 | |
| Altar of Kings | 1 | |
| Barracks | 1 | |
| Blacksmith | 1 | |
| Lumber Mill | 1 | |
| Arcane Vault | 1 | |
| Town Hall | 1 | |
| Keep | 3 | |
| Scout Tower | 20 | |
| Guard Tower | 19 | |
| Castle | 5 | |
| Gryphon Aviary | 5 | |
72 total
» build order
00:53 Farm
00:54 Farm
01:06 Altar of Kings
01:09 Barracks
01:20 Farm
01:29 Farm
01:34 Farm
02:27 Blacksmith
02:33 Lumber Mill
03:19 Arcane Vault
03:45 Farm
04:22 Town Hall
07:39 Keep
07:39 Keep
07:40 Keep
07:48 Scout Tower
07:52 Scout Tower
07:53 Scout Tower
07:54 Scout Tower
07:55 Scout Tower
07:57 Scout Tower
08:36 Guard Tower
08:36 Guard Tower
08:36 Guard Tower
08:58 Scout Tower
09:00 Scout Tower
09:01 Scout Tower
09:02 Scout Tower
09:03 Scout Tower
09:04 Scout Tower
09:07 Scout Tower
09:39 Guard Tower
12:08 Castle
12:08 Castle
12:09 Castle
12:09 Guard Tower
12:10 Guard Tower
12:10 Guard Tower
12:57 Gryphon Aviary
12:58 Gryphon Aviary
13:00 Gryphon Aviary
13:01 Gryphon Aviary
13:05 Gryphon Aviary
13:09 Guard Tower
13:09 Guard Tower
13:10 Guard Tower
13:19 Farm
13:20 Farm
15:01 Farm
15:02 Farm
15:05 Farm
15:08 Farm
16:37 Farm
16:40 Farm
18:24 Scout Tower
18:26 Scout Tower
18:26 Scout Tower
18:27 Scout Tower
18:28 Scout Tower
18:32 Scout Tower
18:32 Scout Tower
19:36 Guard Tower
19:36 Guard Tower
19:36 Guard Tower
» items
| Periapt of Vitality | 2 | |
| Staff of Teleportation | 2 | |
| Potion of Invisibility | 3 | |
| Tome of Retraining | 1 | |
| Scroll of Regeneration | 1 | |
| Lesser Clarity Potion | 1 | |
| Mechanical Critter | 3 | |
| Scroll of Town Portal | 4 | |
| Potion of Healing | 1 | |
| Potion of Lesser Invulnerability | 1 | |
| Boots of Speed | 1 | |
| Circlet of Nobility | 1 | |
| Orb of Venom | 1 | |
22 total
loscetcselbnla (
purple | 330 APM | 9014 actions | 27:20)
5 Demon Hunter
3 Mana Burn
2 Evasion
3 Priestess of the Moon
2 Trueshot Aura
1 Searing Arrows
» actions
| Assign group hotkey | 37 | |
| Build / train | 133 | |
| ESC pressed | 1 | |
| Enter build submenu | 34 | |
| Enter hero's abilities submenu | 8 | |
| Right click | 5596 | |
| Select / deselect | 1413 | |
| Select group hotkey | 1669 | |
| Use ability | 121 | |
9014 total
» units
| Wisp | 22 | |
| Archer | 3 | |
| Druid of the Claw | 13 | |
| Dryad | 11 | |
49 total
» upgrades
| Strength of the Wild | 3 | |
| Reinforced Hides | 2 | |
| Ultravision | 1 | |
| Druid of the Claw Training | 2 | |
| Abolish Magic | 1 | |
| Mark of the Claw | 1 | |
| Well Spring | 1 | |
11 total
» buildings
| Altar of Elders | 2 | |
| Moon Well | 9 | |
| Ancient of War | 1 | |
| Ancient of Wonders | 2 | |
| Tree of Ages | 5 | |
| Hunter's Hall | 1 | |
| Tree of Life | 3 | |
| Ancient of Lore | 4 | |
| Tree of Eternity | 3 | |
30 total
» build order
00:09 Altar of Elders
00:15 Altar of Elders
00:21 Moon Well
00:23 Moon Well
01:02 Ancient of War
01:34 Ancient of Wonders
01:47 Ancient of Wonders
01:51 Moon Well
03:10 Tree of Ages
03:10 Tree of Ages
03:10 Tree of Ages
04:00 Hunter's Hall
04:16 Moon Well
04:56 Tree of Life
05:59 Ancient of Lore
06:33 Tree of Eternity
06:34 Tree of Eternity
07:40 Ancient of Lore
07:40 Ancient of Lore
08:16 Ancient of Lore
08:45 Moon Well
08:46 Moon Well
08:47 Moon Well
08:48 Moon Well
09:52 Moon Well
18:30 Tree of Life
23:06 Tree of Life
» items
| Scroll of Town Portal | 11 | |
| Orb of Corruption | 3 | |
14 total
team 2 (loser)
Bore-lump (
orange | 80 APM | 1191 actions | 14:53)
2 Mountain King
1 Thunder Clap
1 Storm Bolt
» actions
| Assign group hotkey | 41 | |
| Basic commands | 25 | |
| Build / train | 102 | |
| ESC pressed | 14 | |
| Enter build submenu | 64 | |
| Enter hero's abilities submenu | 2 | |
| Give item / drop item | 1 | |
| Right click | 429 | |
| Select / deselect | 317 | |
| Select group hotkey | 102 | |
| Use ability | 94 | |
1191 total
» units
» upgrades
| Masonry | 3 | |
| Gunpowder | 2 | |
| Plating | 1 | |
| Control Magic | 1 | |
| Magic Sentry | 1 | |
| Swords | 1 | |
9 total
» buildings
| Altar of Kings | 1 | |
| Farm | 8 | |
| Arcane Vault | 1 | |
| Town Hall | 3 | |
| Lumber Mill | 3 | |
| Keep | 1 | |
| Scout Tower | 29 | |
| Blacksmith | 1 | |
| Guard Tower | 19 | |
| Castle | 2 | |
| Workshop | 7 | |
| Arcane Tower | 1 | |
| Arcane Sanctum | 1 | |
| Gryphon Aviary | 4 | |
| Barracks | 1 | |
82 total
» build order
00:07 Altar of Kings
00:09 Farm
00:41 Farm
00:52 Arcane Vault
01:28 Farm
03:02 Town Hall
03:09 Lumber Mill
04:23 Keep
04:26 Scout Tower
04:28 Scout Tower
04:44 Blacksmith
04:52 Lumber Mill
04:57 Lumber Mill
05:00 Guard Tower
05:01 Guard Tower
05:17 Scout Tower
05:21 Scout Tower
05:54 Guard Tower
05:54 Guard Tower
06:09 Farm
06:44 Castle
07:26 Town Hall
07:38 Scout Tower
07:39 Scout Tower
07:40 Scout Tower
07:44 Scout Tower
07:46 Scout Tower
07:57 Guard Tower
07:58 Scout Tower
08:01 Guard Tower
08:03 Guard Tower
08:05 Scout Tower
08:07 Scout Tower
08:15 Guard Tower
08:18 Guard Tower
08:24 Guard Tower
08:27 Town Hall
08:30 Guard Tower
08:38 Farm
08:50 Workshop
08:53 Workshop
08:57 Workshop
09:21 Workshop
10:18 Workshop
10:31 Workshop
10:38 Farm
10:42 Workshop
11:06 Farm
11:13 Farm
11:54 Scout Tower
11:56 Scout Tower
11:57 Scout Tower
12:03 Scout Tower
12:06 Scout Tower
12:08 Scout Tower
12:13 Scout Tower
12:15 Scout Tower
12:20 Scout Tower
12:22 Arcane Tower
12:23 Scout Tower
12:34 Guard Tower
12:35 Scout Tower
12:37 Scout Tower
12:39 Guard Tower
12:42 Guard Tower
12:45 Arcane Sanctum
12:47 Guard Tower
12:56 Scout Tower
13:01 Guard Tower
13:09 Guard Tower
13:20 Scout Tower
13:39 Scout Tower
13:55 Scout Tower
13:57 Scout Tower
13:59 Guard Tower
14:00 Guard Tower
14:06 Gryphon Aviary
14:08 Gryphon Aviary
14:11 Gryphon Aviary
14:14 Gryphon Aviary
14:16 Barracks
» items
| Scroll of Regeneration | 2 | |
| Lesser Clarity Potion | 2 | |
4 total
vinamilk (
yellow | 48 APM | 734 actions | 15:25)
2 Mountain King
1 Thunder Clap
1 Storm Bolt
» actions
| Assign group hotkey | 5 | |
| Basic commands | 12 | |
| Build / train | 82 | |
| Enter build submenu | 27 | |
| Enter hero's abilities submenu | 2 | |
| Remove unit from queue | 1 | |
| Right click | 267 | |
| Select / deselect | 203 | |
| Select group hotkey | 73 | |
| Use ability | 62 | |
734 total
» units
| Peasant | 16 | |
| Footman | 13 | |
| Gryphon Rider | 4 | |
33 total
» upgrades
| Swords | 1 | |
| Armor | 1 | |
| Lumber Harvesting | 1 | |
| Masonry | 1 | |
4 total
» buildings
| Farm | 13 | |
| Altar of Kings | 1 | |
| Barracks | 1 | |
| Arcane Vault | 1 | |
| Lumber Mill | 1 | |
| Town Hall | 1 | |
| Scout Tower | 14 | |
| Arcane Tower | 4 | |
| Guard Tower | 13 | |
| Keep | 5 | |
| Blacksmith | 2 | |
| Castle | 1 | |
| Gryphon Aviary | 5 | |
62 total
» build order
00:20 Farm
00:21 Farm
00:27 Farm
00:28 Farm
01:25 Altar of Kings
01:37 Barracks
02:10 Farm
02:30 Arcane Vault
03:56 Lumber Mill
05:13 Town Hall
05:14 Scout Tower
05:15 Scout Tower
05:19 Scout Tower
05:19 Scout Tower
05:25 Scout Tower
05:36 Arcane Tower
05:39 Scout Tower
05:40 Scout Tower
05:47 Arcane Tower
05:48 Arcane Tower
06:07 Scout Tower
06:12 Scout Tower
06:13 Guard Tower
06:28 Keep
06:28 Keep
06:28 Keep
06:42 Guard Tower
06:43 Guard Tower
06:52 Blacksmith
06:58 Blacksmith
07:11 Guard Tower
07:11 Guard Tower
07:12 Farm
07:13 Farm
07:14 Farm
08:51 Castle
08:55 Scout Tower
08:56 Scout Tower
08:56 Scout Tower
08:57 Scout Tower
09:25 Guard Tower
09:25 Guard Tower
09:26 Guard Tower
09:27 Guard Tower
09:37 Scout Tower
10:00 Guard Tower
10:17 Guard Tower
10:17 Guard Tower
10:24 Gryphon Aviary
10:27 Gryphon Aviary
10:30 Gryphon Aviary
10:37 Gryphon Aviary
10:42 Gryphon Aviary
12:38 Farm
12:39 Farm
12:40 Farm
12:46 Farm
12:47 Farm
» items
| Scroll of Regeneration | 1 | |
| Lesser Clarity Potion | 10 | |
| Orb of Fire | 1 | |
12 total
HILARY-IS-ALIAR (
teal | 72 APM | 2070 actions | 28:45)
3 Blademaster
2 Wind Walk
1 Critical Strike
1 Archmage
1 Summon Water Elemental
» actions
| Assign group hotkey | 24 | |
| Basic commands | 19 | |
| Build / train | 102 | |
| Enter build submenu | 26 | |
| Enter hero's abilities submenu | 4 | |
| Give item / drop item | 1 | |
| Right click | 803 | |
| Select / deselect | 196 | |
| Select group hotkey | 773 | |
| Use ability | 122 | |
2070 total
» units
| Peon | 14 | |
| Grunt | 3 | |
| Wind Rider | 5 | |
| Peasant | 22 | |
| Gryphon Rider | 2 | |
46 total
» upgrades
| Reinforced Defenses | 1 | |
| Storm Hammers | 1 | |
2 total
» buildings
| Altar of Storms | 1 | |
| Orc Burrow | 5 | |
| Barracks | 1 | |
| Voodoo Lounge | 1 | |
| Stronghold | 1 | |
| War Mill | 1 | |
| Great Hall | 2 | |
| Fortress | 3 | |
| Beastiary | 2 | |
| Watch Tower | 5 | |
| Scout Tower | 79 | |
| Guard Tower | 35 | |
| Cannon Tower | 5 | |
| Arcane Tower | 1 | |
| Farm | 11 | |
153 total
» build order
00:09 Altar of Storms
00:20 Orc Burrow
00:37 Barracks
01:21 Orc Burrow
01:56 Voodoo Lounge
02:55 Stronghold
03:52 War Mill
04:28 Great Hall
04:49 Orc Burrow
05:30 Fortress
05:57 Great Hall
06:16 Beastiary
07:24 Beastiary
08:44 Fortress
10:12 Watch Tower
10:12 Watch Tower
10:13 Watch Tower
10:14 Watch Tower
11:38 Orc Burrow
11:38 Orc Burrow
16:11 Scout Tower
16:11 Scout Tower
16:12 Scout Tower
16:12 Scout Tower
16:39 Scout Tower
16:40 Scout Tower
16:40 Scout Tower
16:41 Scout Tower
16:41 Scout Tower
16:41 Scout Tower
16:42 Scout Tower
16:42 Scout Tower
16:43 Scout Tower
16:43 Scout Tower
16:43 Scout Tower
16:44 Scout Tower
16:44 Scout Tower
16:45 Scout Tower
16:46 Guard Tower
16:46 Guard Tower
16:56 Guard Tower
16:57 Guard Tower
17:09 Guard Tower
17:12 Scout Tower
17:12 Scout Tower
17:13 Scout Tower
17:13 Scout Tower
17:14 Scout Tower
17:15 Scout Tower
17:15 Scout Tower
17:16 Scout Tower
17:16 Scout Tower
17:21 Guard Tower
17:22 Guard Tower
17:24 Guard Tower
17:24 Guard Tower
17:29 Scout Tower
17:29 Scout Tower
17:35 Scout Tower
17:36 Scout Tower
17:36 Scout Tower
17:36 Scout Tower
17:37 Scout Tower
17:37 Scout Tower
17:38 Scout Tower
17:39 Scout Tower
17:39 Scout Tower
17:41 Scout Tower
17:42 Scout Tower
17:49 Guard Tower
17:52 Cannon Tower
17:53 Guard Tower
17:54 Guard Tower
17:54 Guard Tower
18:02 Cannon Tower
18:03 Cannon Tower
18:03 Cannon Tower
18:03 Cannon Tower
18:04 Guard Tower
18:05 Guard Tower
18:05 Guard Tower
18:05 Guard Tower
18:15 Guard Tower
18:15 Guard Tower
18:22 Scout Tower
18:22 Scout Tower
18:24 Scout Tower
18:25 Scout Tower
18:25 Scout Tower
18:41 Scout Tower
18:41 Scout Tower
18:41 Scout Tower
18:45 Scout Tower
18:47 Scout Tower
18:48 Scout Tower
18:48 Scout Tower
18:49 Scout Tower
18:49 Scout Tower
18:51 Guard Tower
18:52 Guard Tower
18:55 Guard Tower
19:01 Scout Tower
19:01 Scout Tower
19:02 Scout Tower
19:06 Guard Tower
19:26 Guard Tower
19:26 Guard Tower
19:40 Guard Tower
19:40 Guard Tower
19:40 Guard Tower
20:19 Scout Tower
20:19 Scout Tower
20:20 Scout Tower
20:20 Scout Tower
20:21 Scout Tower
20:23 Scout Tower
20:23 Scout Tower
20:24 Scout Tower
20:24 Scout Tower
20:24 Scout Tower
20:24 Scout Tower
20:25 Scout Tower
20:26 Guard Tower
21:06 Guard Tower
21:13 Arcane Tower
22:22 Scout Tower
22:23 Scout Tower
22:23 Scout Tower
22:24 Scout Tower
22:24 Scout Tower
22:24 Scout Tower
22:52 Guard Tower
24:27 Farm
24:27 Farm
24:27 Farm
24:28 Farm
24:29 Farm
24:29 Farm
24:30 Farm
24:30 Farm
24:31 Farm
24:31 Farm
24:32 Farm
» items
| Healing Salve | 2 | |
| Scroll of Town Portal | 1 | |
| Orb of Lightning | 1 | |
4 total

»
suny (
green | 34 APM | 503 actions | 14:48)
2 Archmage
1 Summon Water Elemental
1 Brilliance Aura
» actions
| Assign group hotkey | 19 | |
| Basic commands | 6 | |
| Build / train | 62 | |
| ESC pressed | 1 | |
| Enter build submenu | 45 | |
| Enter hero's abilities submenu | 2 | |
| Right click | 85 | |
| Select / deselect | 183 | |
| Select group hotkey | 57 | |
| Use ability | 43 | |
503 total
» units
| Peasant | 16 | |
| Footman | 7 | |
| Rifleman | 9 | |
| Sorceress | 2 | |
| Dragonhawk Rider | 3 | |
37 total
» upgrades
| Masonry | 2 | |
| Gunpowder | 1 | |
| Armor | 1 | |
| Long Rifles | 1 | |
| Lumber Harvesting | 1 | |
6 total
» buildings
| Altar of Kings | 1 | |
| Barracks | 1 | |
| Farm | 10 | |
| Scout Tower | 15 | |
| Arcane Tower | 6 | |
| Lumber Mill | 1 | |
| Blacksmith | 1 | |
| Arcane Vault | 1 | |
| Guard Tower | 8 | |
| Keep | 1 | |
| Town Hall | 1 | |
| Arcane Sanctum | 5 | |
| Gryphon Aviary | 1 | |
| Workshop | 1 | |
53 total
» build order
00:18 Altar of Kings
00:23 Barracks
00:47 Farm
01:32 Farm
02:01 Scout Tower
02:09 Farm
02:11 Farm
02:12 Farm
02:29 Arcane Tower
02:36 Scout Tower
03:12 Arcane Tower
03:17 Lumber Mill
03:48 Scout Tower
04:09 Blacksmith
04:33 Arcane Vault
04:42 Guard Tower
04:46 Scout Tower
05:27 Guard Tower
05:31 Scout Tower
05:54 Keep
06:03 Arcane Tower
07:12 Scout Tower
07:16 Scout Tower
07:18 Scout Tower
07:41 Guard Tower
07:44 Scout Tower
07:50 Arcane Tower
07:52 Arcane Tower
07:55 Scout Tower
07:57 Scout Tower
08:22 Arcane Tower
08:26 Scout Tower
08:28 Guard Tower
08:30 Guard Tower
08:50 Town Hall
08:55 Scout Tower
08:57 Scout Tower
09:09 Guard Tower
09:18 Arcane Sanctum
09:23 Arcane Sanctum
09:33 Guard Tower
09:40 Arcane Sanctum
09:43 Arcane Sanctum
09:45 Arcane Sanctum
09:51 Guard Tower
10:35 Farm
10:39 Farm
11:36 Scout Tower
11:41 Gryphon Aviary
13:07 Workshop
13:15 Farm
14:23 Farm
14:26 Farm
» items
Chat log
(05:26 / All) HILARY-IS-ALIAR: fucking hacker
(05:35 / All) ECUPIRATE: that is not true!
(05:39 / All) ECUPIRATE: i am no tfucking
(05:42 / All) HILARY-IS-ALIAR: go away cunt
(10:06 / Allies) ECUPIRATE: they all expo and tower
(10:12 / Allies) ECUPIRATE: we need to grp up now
(10:12 / Allies) MadYak: group and hit soon?
(11:49 / All) vinamilk: faggot team
(11:54 / All) HILARY-IS-ALIAR: fuck u nigger
(12:01 / All) ECUPIRATE: naw yellow good plays
(12:04 / All) HILARY-IS-ALIAR: i pinged yellow to help me creep very early
(12:04 / All) ECUPIRATE: playa
(12:04 / All) loscetcselbnla: U asshole
(12:07 / All) HILARY-IS-ALIAR: and he did nothing
(12:08 / All) ECUPIRATE: u needed to be there
(12:09 / All) HILARY-IS-ALIAR: he deserves this
(12:11 / All) vinamilk: stupid teal kill his grunt just for make some air
(12:17 / All) YourLiege: Wow orange sucks
(12:20 / All) loscetcselbnla: yoo not today
(12:21 / All) vinamilk: fuking 50 foot
(12:33 / All) YourLiege: pro orange lol
(12:34 / All) HILARY-IS-ALIAR: yellow u are such a baby. mass games nigger and still sucks
(12:51 / Allies) YourLiege: go after a main
(13:33 / Allies) loscetcselbnla: tank
(14:05 / Allies) MadYak: k
(14:53 / All) HILARY-IS-ALIAR: faggot yellow
(14:54 / All) HILARY-IS-ALIAR: go die
(14:58 / All) loscetcselbnla: DIE!
(15:18 / All) vinamilk: stupid noob teal use his ass replace for his brain
(15:21 / All) vinamilk: lol
(15:24 / All) ECUPIRATE: agree
(15:27 / All) HILARY-IS-ALIAR: next time help ur allies
(15:41 / All) ECUPIRATE: you should have helped yellow
(15:47 / All) HILARY-IS-ALIAR: i wanted him dead
(17:50 / Allies) MadYak: sadface
(19:09 / Allies) loscetcselbnla: why your!!! DDOING! TEAMKILLER
(19:14 / Allies) YourLiege: hehehe
(19:17 / Allies) MadYak: no sense in yelling at him
(19:20 / Allies) loscetcselbnla: LOL
(19:22 / Allies) YourLiege: hehehehe
(19:24 / Allies) YourLiege: hehehe!
(19:25 / Allies) MadYak: people who do that don't care :-)
(19:32 / Allies) loscetcselbnla: fucking noob teamkiller
(19:37 / Allies) MadYak: w/e
(19:49 / Allies) MadYak: we won, just tk him or leave next time you see him in game
(19:51 / Allies) loscetcselbnla: I! STOP! YOUR! TEAMKILLER
(19:52 / Allies) MadYak: not much else you can do
(19:55 / Allies) loscetcselbnla: asshole
(20:01 / Allies) YourLiege: HEHEHE!
(20:01 / Allies) MadYak: yelling won't matter
(20:03 / Allies) YourLiege: YOU ALL LOSE!
(20:04 / Allies) YourLiege: HEHE
(20:19 / Allies) MadYak: no, liege, you loose. there aren't many people who still play this game
(20:31 / Allies) YourLiege: I'm gonna team kill anyone who does
(20:42 / Allies) YourLiege: and you will never know I'm here til the last moment
(21:22 / All) HILARY-IS-ALIAR: not talking shit anymore red?
(21:30 / Allies) loscetcselbnla: yooooo mhhh
(21:33 / Allies) YourLiege: ?
(21:35 / Allies) YourLiege: who mhs?
(21:36 / All) ECUPIRATE: is that what you want
(21:41 / Allies) loscetcselbnla: xddd yooooo
(21:45 / Allies) YourLiege: what makes you say that
(21:49 / All) HILARY-IS-ALIAR: negative . you are beneath me
(22:00 / Allies) loscetcselbnla: ohh shit fuckng noob
(23:59 / Allies) loscetcselbnla: FUCKING YOOOO
(24:03 / Allies) loscetcselbnla: JESUS
(24:10 / All) HILARY-IS-ALIAR: u guys need to know when to give up its over
(24:13 / Allies) loscetcselbnla: NOOB DON"T TEAM KILLER
(24:16 / All) YourLiege: You lose purp
(24:31 / Allies) loscetcselbnla: fuuuk lost
(24:34 / Allies) loscetcselbnla: shit huh
(24:35 / All) YourLiege: game overm an
(24:36 / All) YourLiege: game over!
(24:46 / Allies) loscetcselbnla: damn your FUCKING NOOB
(24:51 / All) HILARY-IS-ALIAR: be a good sport and leave guys
(25:13 / Allies) loscetcselbnla: FUCKING NOOB UNINSTALL WARCRAFT III
(25:18 / Allies) YourLiege: I'm the king of bnet
(25:18 / All) ECUPIRATE: gg purp
(25:19 / All) ECUPIRATE: peace
(25:22 / Allies) YourLiege: I'm your liege
(25:37 / Allies) YourLiege: and I'm revoking you, my vassals, of all your titles and rights
(25:41 / Allies) loscetcselbnla: YOUR BUSTARD
(25:42 / Allies) YourLiege: and you all get a LOSS in this war!
(26:25 / All) HILARY-IS-ALIAR: i always get creepjacked or expos killed in this game
(26:32 / All) HILARY-IS-ALIAR: there is no way that should happen against bad players in 4v4
(26:43 / Allies) loscetcselbnla: FUCKING NOOB KIDS
(26:50 / Allies) loscetcselbnla: sucker kid
(27:02 / All) YourLiege: You're a sucker, kid
(27:13 / All) HILARY-IS-ALIAR: he ruined our last game
(27:16 / All) HILARY-IS-ALIAR: cuz he dc'd
(27:19 / Allies) loscetcselbnla: FUCK YOUR YOURLIEGE
(27:20 / All) HILARY-IS-ALIAR: that coulda had good chat
(27:21 / All) YourLiege: wow nice towers at green
(27:25 / All) YourLiege: nice
(27:32 / All) YourLiege: This game went better than I expected
(27:33 / All) HILARY-IS-ALIAR: i vote my team loses
(27:35 / All) YourLiege: aight
(27:44 / All) HILARY-IS-ALIAR: oj 5-2
(27:53 / All) HILARY-IS-ALIAR: yellow mass games idiot
(27:54 / All) YourLiege: he's whispering me
(27:58 / All) YourLiege: FUCKING NOOB SHIT LEAVE BITCH
(28:01 / All) YourLiege: purp
(28:04 / All) HILARY-IS-ALIAR: nice
(28:35 / All) HILARY-IS-ALIAR: last game ithink tonight cuz im lagging bad. have to reset router cant do it atm
(28:41 / All) YourLiege: k